 Dungeon Crawl Stone Soup version 0.30-a0-777-ga9a30cbeda (webtiles) character file.

Game seed: 4799999395313752794

166 Esekla the Sneak (level 5, 0/28 HPs)
             Began as a Vine Stalker Delver on Feb 13, 2023.
             Was a Follower of Vehumet.
             Splashed by a jelly's acid (7 damage)
             ... in a sewer.
             The game lasted 00:10:48 (960 turns).

Esekla the Sneak (Vine Stalker Delver)               Turns: 960, Time: 00:10:48

Health: 0/28       AC:  0    Str: 15    XL:     5   Next: 47%
Magic:  0/9        EV: 12    Int: 12    God:    Vehumet [*.....]
Gold:   55         SH:  0    Dex: 15    Spells: 8/8 levels left

rFire   . . .      SeeInvis .    a - +0 falchion
rCold   . . .      Faith    .    (no shield)
rNeg    . . .      Spirit   +    b - +0 leather armour
rPois   .          Reflect  .    (no helmet)
rElec   .          Harm     .    (no cloak)
rCorr   .          Rampage  .    (no gloves)
Will    .....                    (no boots)
Stlth   +++                      (no amulet)
HPRegen 1.04/turn                (no ring)
MPRegen 0.11/turn                (no ring)

@: corroded, hasted, very quick
A: fangs 2, regeneration 1, magic shield, antimagic bite, no potion heal 2
a: Renounce Religion


You were in a sewer.
You worshipped Vehumet.
Vehumet was aware of your devotion.
You visited 2 branches of the dungeon, and saw 4 of its levels.
You also visited: Sewer.

You collected 107 gold pieces.
You spent 52 gold pieces at shops.

Inventory:

Hand Weapons
 a - a +0 falchion (weapon)
 s - a +0 dagger
Armour
 b - a +0 leather armour (worn)
Wands
 g - a wand of digging (3)
Scrolls
 c - 2 scrolls of fog
 d - 3 scrolls of butterflies {unknown}
 e - a scroll of identify
 h - a scroll of poison {unknown}
 j - a scroll of enchant weapon {unknown}
 m - a scroll of enchant armour {unknown}
Potions
 i - a potion of cancellation
 k - a potion of magic
 l - a potion of invisibility {unknown}


   Skills:
 * Level 3.1 Fighting
 * Level 3.2 Long Blades
 + Level 1.2 Armour
 + Level 1.7 Dodging
 + Level 6.5 Stealth
 * Level 2.0 Spellcasting


You had 8 spell levels left.
You didn't know any spells.
Your spell library contained the following spells:

 Spells                   Type           Power      Damage    Failure   Level
 Freeze                   Ice            4%         1d3       32%         1
 Portal Projectile        Hex/Tloc       2%         N/A       69%         3
 Tukima's Dance           Hex            1%         N/A       69%         3
 Blade Hands              Tmut           0%         N/A       100%        5


Dungeon Overview and Level Annotations

Branches:
Dungeon (5/15)             Temple (1/1) D:5           Sewer (1/1)

Altars:
Elyvilon
Hepliaklqana
Nemelex Xobeh
Ru
Trog
Uskayaw
Vehumet
The Shining One

Shops:
D:3 ?


Innate Abilities, Weirdness & Mutations

You have extremely sharp teeth.
Your natural rate of healing is unusually fast.
When hurt, damage is shared between your health and your magic reserves.
Your bite disrupts and absorbs the magic of your enemies.
Potions cannot restore your health.


Message History

You impale the endoplasm!!
You kill the endoplasm!
Vehumet accepts your kill.
An endoplasm and a frilled lizard come into view.
The frilled lizard hisses angrily.
The helpless endoplasm fails to defend itself.
You impale the endoplasm!!
You kill the endoplasm!
Vehumet accepts your kill.
Found a scroll labelled FILOOPTY XOKUJ.
The helpless endoplasm fails to defend itself.
You impale the endoplasm!!
You kill the endoplasm!
Vehumet accepts your kill.
You see here a scroll labelled FILOOPTY XOKUJ.
m - a scroll labelled FILOOPTY XOKUJ
a - a +0 falchion (weapon)
You hit the frilled lizard.
You kill the frilled lizard!
Vehumet accepts your kill.
You enter the shallow water.
Moving in this stuff is going to be slow.
A jelly comes into view.
Found a mace.
The jelly quivers.
Found a buckler.
Found a viscous altar of Jiyva.
Okay, then.
Unknown command.
Okay, then.
You hit the jelly.
Your hands burn!
You punch the jelly.
The jelly is moderately wounded.
The jelly hits you. The acid corrodes you!
You are splashed with acid!
You hit the jelly.
Your hands burn!
You bite the jelly, but do no damage.
The jelly is heavily wounded.
The jelly hits you.
You are splashed with acid!
* * * LOW HITPOINT WARNING * * *
You feel yourself speed up. The jelly hits you.
* * * LOW HITPOINT WARNING * * *
You are splashed with acid!
You die...

##### # ##..~## #
#~~.~~## ##
#..#.~~####~
####..##..##..~
##~~..~.####~~..
####.~~~....##~.~~#
##.~...~###..~..†.##
#~J@~~~##.##~~~..##J
#....~##~~#...##..~.#!~
.).~~~#
#..##....~..~##~ _...~.
#..~##~~~~~†~~## [.~..
##∩.~~~~...#...# ####.
##..~~#†..##~.~ #
######..####~. #~..#
### .~~~##


You could see a jelly.

Vanquished Creatures
  A jelly (Sewer)
  3 adders (D:3)
  6 river rats
  A dart slug (D:3)
  6 orcs (D:3)
  8 endoplasms
  4 giant cockroaches (Sewer)
  A hobgoblin (D:3)
  2 quokkas
  9 ball pythons
  5 frilled lizards
  2 kobolds (D:3)
  3 rats (Sewer)
51 creatures vanquished.

Vanquished Creatures (others)
  5 demonic plants (D:3)
  6 fungi (D:3)
  13 plants (D:3)
  2 withered plants (D:3)
26 creatures vanquished.

Grand Total: 77 creatures vanquished

Notes
Turn   | Place    | Note
-------+----------+-------------------------------------------
     0 | D:5      | Esekla the Vine Stalker Delver began the quest for the Orb.
     0 | D:5      | Reached XP level 1. HP: 11/11 MP: 2/2
    49 | D:5      | Noticed a sky beast
    52 | D:5      | Noticed a phantom
    60 | D:5      | Noticed an iguana
    69 | D:5      | Noticed an ogre
    74 | D:5      | Found a staircase to the Ecumenical Temple.
    90 | Temple   | Entered the Ecumenical Temple
   133 | Temple   | Became a worshipper of Vehumet
   181 | D:5      | Noticed a hound
   181 | D:5      | Noticed a scorpion
   225 | D:4      | Noticed a scorpion
   266 | D:3      | Reached skill level 1 in Spellcasting
   266 | D:3      | Reached XP level 2. HP: 11/16 MP: 3/5
   266 | D:3      | Found a faded altar of an unknown god.
   394 | D:3      | Found Xamarem's Magic Scroll Emporium.
   406 | D:3      | Bought a scroll of identify for 26 gold pieces
   406 | D:3      | Bought a scroll of identify for 26 gold pieces
   417 | D:3      | Reached XP level 3. HP: 19/19 MP: 6/6
   694 | D:3      | Found a glowing drain.
   732 | D:3      | Gained mutation: Your natural rate of healing is unusually
                  | fast. [Vine Stalker growth]
   732 | D:3      | Reached XP level 4. HP: 12/23 MP: 7/7
   759 | D:3      | Reached * piety under Vehumet
   759 | D:3      | Offered knowledge of Freeze by Vehumet.
   760 | D:3      | Reached skill level 1 in Armour
   769 | Sewer    | Entered a sewer
   843 | Sewer    | Reached XP level 5. HP: 28/28 MP: 8/8
   955 | Sewer    | Found a viscous altar of Jiyva.
   960 | Sewer    | Splashed by a jelly's acid

Illustrated notes

Levels and vault maps discovered:
D:3:      layout_rooms, shapermc_ecumenical_altar_gd, serial_shops,
          nicolae_square_shop, serial_curves, eino_curves_01, eino_curves_02,
          portal_sewer_entry_b
D:4:      layout_cave_pools, kennysheep_path_1
D:5:      layout_loops_ring, minmay_temple_entry_antechambers, serial_shops,
          nicolae_shop_temple_entry_statues_fountains
Temple:   bh_familiar_temple
Sewer:    sewer_hellmonk_slimy_pipes

Skill      XL: |  1  2  3  4  5 |
---------------+----------------+-----
Spellcasting   | 1 2 |  2.0
Long Blades    | 2 3 |  3.2
Fighting       | 3 |  3.1
Armour         | 1 |  1.2
Dodging        | |  1.7
Stealth        | |  6.5

Action                     |  1- 3 |  4- 6 || total
---------------------------+-------+-------++-------
  Melee: Falchion          |    72 |    64 ||   136
         Bite              |    19 |    15 ||    34
         Dagger            |     3 |     5 ||     8
         Punch             |       |     3 ||     3
    Use: Scroll            |     2 |     2 ||     4
         Potion            |     2 |     1 ||     3
   Stab: Sleeping          |     4 |     5 ||     9
 Armour: Leather armour    |     3 |    10 ||    13
  Dodge: Dodged            |    36 |    35 ||    71

Table legend: (Time is in decaauts)
 A = Elapsed time spent in this place.
 B = Non-inter-level travel time spent in this place.
 C = Inter-level travel time spent in this place.
 D = Time resting spent in this place.
 E = Time spent auto-exploring this place.
 F = Levels seen in this place.
 G = Mean time per level.
                   A        B        C        D        E       F      G
               +--------+--------+--------+--------+--------+-----+--------+
         Total |    949 |    925 |     24 |     33 |     24 |   5 |  189.8 |
       Dungeon |    684 |    683 |      1 |      6 |      0 |   3 |  228.0 |
        Temple |     66 |     43 |     23 |      0 |     24 |   1 |   66.0 |
         Sewer |    198 |    198 |      0 |     27 |      0 |   1 |  198.0 |
               +--------+--------+--------+--------+--------+-----+--------+

Top non-repeatable levels by time:
     D:3: 506 daAuts
   Sewer: 198 daAuts
     D:5: 128 daAuts
  Temple: 66 daAuts
     D:4: 49 daAuts
